 Dungeon Crawl Stone Soup version 0.30.0-15-g856e2d3f33 (webtiles) character file.

Game seed: 435986099613787625

95 Twinkles the Ducker (level 4, -2/34 HPs)
             Began as a Vampire Warper on May 19, 2023.
             Slain by Grinder (10 damage)
             ... on level 3 of the Dungeon.
             The game lasted 00:06:35 (1759 turns).

Twinkles the Ducker (Vampire Warper)                Turns: 1759, Time: 00:06:36

Health: -2/34      AC:  3    Str: 10    XL:     4   Next: 39%
Magic:  16/16      EV: 12    Int: 15    God:
Gold:   50         SH:  4    Dex: 15    Spells: 3/7 levels left

rFire   . . .        s - +0 rapier
rCold   . . .        u - +0 buckler
rNeg    . . .        b - +0 leather armour
rPois   .            (no helmet)
rElec   .            (no cloak)
rCorr   .            (no gloves)
SInv    +            (no boots)
Will    .....        (no amulet)
Stlth   ++           k - ring of magical power
HPRegen 0.45/turn    (no ring)
MPRegen 0.15/turn

%: no passive effects
@: healing quickly
A: alive, fangs 3, see invisible, vampiric 2
a: Exsanguinate


You were on level 3 of the Dungeon.
You visited 1 branch of the dungeon, and saw 3 of its levels.

You collected 50 gold pieces.

Inventory:

Hand Weapons
 s - a +0 rapier (weapon)
 t - a +0 sling
Missiles
 d - 7 boomerangs of dispersal (quivered)
Armour
 b - a +0 leather armour (worn)
 u - a +0 buckler (worn)
Jewellery
 k - a ring of magical power (left hand)
Scrolls
 c - 2 scrolls of teleportation {unknown}
 f - 2 scrolls of fog {unknown}
 h - a scroll of poison {unknown}
 i - a scroll of magic mapping {unknown}
 l - a scroll of enchant weapon {unknown}
 m - 2 scrolls of noise {unknown}
 p - a scroll of vulnerability {unknown}
 D - a scroll of blinking
 Z - 2 scrolls of identify
Potions
 a - a potion of curing {unknown}
 e - a potion of magic {unknown}
 j - a potion of might {unknown}
 n - a potion of heal wounds {unknown}
 q - a potion of mutation {unknown}
 r - a potion of degeneration {unknown}
 G - a potion of ambrosia


   Skills:
 + Level 2.5 Fighting
 + Level 3.1 Short Blades
 - Level 0.7 Throwing
 - Level 0.7 Armour
 + Level 3.2 Dodging
 + Level 2.8 Stealth
 + Level 0.4 Shields
 - Level 2.0 Spellcasting
 - Level 2.4 Translocations


You had 3 spell levels left.
You knew the following spells:

 Your Spells              Type           Power      Damage    Failure   Level
a - Blink                 Tloc           16%        N/A       26%         2
b - Lesser Beckoning      Tloc           16%        N/A       26%         2

Your spell library contained the following spells:

 Spells                   Type           Power      Damage    Failure   Level
 Teleport Other           Tloc           8%         N/A       45%         3
 Vhi's Electric Charge    Tloc/Air       10%        N/A       63%         3
 Manifold Assault         Tloc           8%         N/A       86%         4


Dungeon Overview and Level Annotations

Branches:
Dungeon (3/15) Zot: 16257

Altars:

Annotations:
D:3 2 exclusions, Grinder


Innate Abilities, Weirdness & Mutations

Your natural rate of healing is accelerated.
You have razor-sharp teeth.
You have supernaturally acute eyesight. (SInv)
You are afflicted with vampirism and can become a bat while bloodless.


Message History

Grinder gestures at you.
You shrug off the repeated paralysis!
You can move again.
You hit Grinder.
Grinder is lightly wounded.
Grinder gestures at you.
You shrug off the repeated paralysis!
You closely miss Grinder. You bite Grinder.
Grinder is lightly wounded.
Grinder hits you.
You writhe in agony.
The orc closely misses you. The orc barely misses you.
Grinder blinks!
You hit the orc.
The orc is lightly wounded.
The orc hits you with a +0 club.
An orc comes into view.
It is wielding a +0 whip of electrocution and quivering poisoned darts.
Grinder says, "Don't move a muscle."
You see here a giant cockroach corpse.
The orc shouts!
You hit Grinder but do no damage.
Grinder is lightly wounded.
You block the orc's attack. Grinder hits you.
You writhe in agony.
You aren't carrying any items that you can evoke.
Unknown command.
Unknown command.
You hit Grinder.
Grinder is moderately wounded.
You hear the slow rusting of a drain very nearby.
The orc completely misses you. Grinder hits you!
* * * LOW HITPOINT WARNING * * *
You closely miss Grinder.
Grinder is lightly wounded.
The orc barely misses you. Grinder gestures at you.
You resist with significant effort.
You closely miss Grinder.
Grinder is lightly wounded.
You block the orc's attack.
Grinder says, "FISH!"
Grinder hits you!
You die...

#..)...# ###
#[#.#..
#......# #.#
#...... #
#......# #.#
#.$...#
#.#......# #.#
#.....#
#.#..(...##
#.#####..##
##.........#
#..........
#..........#
#.#†###..##
##.#.....5.#
#.#......#
####=##.####@#
#.#.###..#
........# #o#
###.#.# #....
#.##....# #o#
#...#.# #....
###..#
##)####.#...#
##..# ?..#
#...........#
#..# ....#
#..####.###....
#.#..# #..# #?#
.##..
.....#....# #.#
.# #
...#$.#.#...
... .


You could see Grinder and 2 orcs.

Vanquished Creatures
  An orc priest (D:3)
  2 worms (D:2)
  4 dart slugs
  An orc (D:3)
  4 ball pythons
  8 bats
  4 endoplasms
  2 giant cockroaches
  8 goblins
  4 hobgoblins
  2 frilled lizards (D:1)
  2 kobolds (D:1)
  6 rats
48 creatures vanquished.

Notes
Turn   | Place    | Note
-------+----------+-------------------------------------------
     0 | D:1      | Twinkles the Vampire Warper began the quest for the Orb.
     0 | D:1      | Reached XP level 1. HP: 16/16 MP: 3/3
    53 | D:1      | Reached skill level 1 in Stealth
    85 | D:1      | Reached XP level 2. HP: 21/22 MP: 5/5
   332 | D:1      | Gained mutation: You are afflicted with vampirism and can
                  | become a bat while bloodless. [Vampire growth]
   332 | D:1      | Reached XP level 3. HP: 20/27 MP: 6/6
   335 | D:1      | Learned a level 2 spell: Blink
   338 | D:1      | Learned a level 2 spell: Lesser Beckoning
  1664 | D:3      | Reached XP level 4. HP: 29/34 MP: 7/7
  1722 | D:3      | Noticed Grinder
  1742 | D:3      | Paralysed by Grinder for 2 turns
  1748 | D:3      | Paralysed by Grinder for 4 turns
  1757 | D:3      | HP: 7/34 [Grinder (9)]
  1759 | D:3      | Slain by Grinder

Illustrated notes

Levels and vault maps discovered:
D:1:      dpeg_arrival_more_subterranean_lakeside_camping, layout_basic
D:2:      layout_loops_ring
D:3:      layout_basic, portal_sewer_entry_f, hex_tiny, uniq_grinder

Skill      XL: |  1  2  3 |
---------------+----------+-----
Stealth        | 1 2 |  2.8
Fighting       | 2 |  2.5
Dodging        | 3 |  3.2
Short Blades   | 3 |  3.1
Throwing       | |  0.7
Armour         | |  0.7
Shields        | |  0.4
Spellcasting   | |  2.0
Translocations | |  2.4

Action                     |  1- 3 |  4- 6 || total
---------------------------+-------+-------++-------
  Melee: Short sword       |   157 |       ||   157
         Bite              |    19 |     1 ||    20
         Rapier            |     9 |    19 ||    28
    Use: Scroll            |       |     1 ||     1
         Potion            |       |     1 ||     1
   Stab: Sleeping          |     4 |       ||     4
 Armour: Leather armour    |    46 |     3 ||    49
  Dodge: Dodged            |   102 |    10 ||   112
  Block: Buckler           |       |     3 ||     3
